 Dungeon Crawl Stone Soup version 0.20.1-1-g8b1a95d (webtiles) character file.

4405 equalderp2856 the Cleaver (level 10, -2/86 HPs)
             Began as a Minotaur Fighter on Sept 6, 2017.
             Slain by a flayed ghost (8 damage)
             ... on level 7 of the Dungeon.
             The game lasted 00:20:34 (11968 turns).

equalderp2856 the Cleaver (Minotaur Fighter)       Turns: 11968, Time: 00:20:34

Health: -2/86      AC:  8    Str: 22    XL:     10   Next: 14%
Magic:  9/9        EV: 10    Int:  7    God:
Gold:   504        SH: 11    Dex: 10    Spells: 9/9 levels left

rFire    . . .     SeeInvis .   a - +0 war axe
rCold    . . .     Gourm    .   c - +0 shield
rNeg     . . .     Faith    .   b - +0 scale mail
rPois    .         Spirit   .   (helmet restricted)
rElec    .         Reflect  .   (no cloak)
rCorr    .         Harm     .   (no gloves)
MR       .....                  (no boots)
Stlth    ..........             (no amulet)
Regen    0.3/turn               (no ring)
MPRegen  0.2/turn               (no ring)

@: flayed
A: retaliatory headbutt, horns 2
a: no special abilities


You were on level 7 of the Dungeon.
You were not hungry.

You visited 1 branch of the dungeon, and saw 8 of its levels.

You collected 504 gold pieces.

Inventory:

Hand Weapons
 a - a +0 war axe (weapon)
Missiles
 m - 61 poisoned needles
Armour
 b - a +0 scale mail (worn)
 c - a +0 shield (worn)
 H - the cursed +1 robe of Circular Logic {+Blink rElec rN+++ Dex-3, unknown}
   (You found it on level 6 of the Dungeon)

   It affects your dexterity (-3).
   It insulates you from electricity.
   It renders you almost immune to negative energy.
   It lets you blink.
   It has a curse placed upon it.
 I - a +0 plate armour
Jewellery
 e - a cursed ring of loudness {unknown}
 p - an uncursed amulet of regeneration {unknown}
 u - an uncursed amulet of magic regeneration
 v - a +4 ring of strength {unknown}
 w - an uncursed ring of protection from magic {unknown}
 D - an uncursed ring of flight {unknown}
 F - a +2 ring of intelligence {unknown}
 K - a +5 ring of intelligence {unknown}
Wands
 o - a wand of flame (24/48)
 s - a wand of random effects (0/48)
 x - a wand of random effects (7/48)
Scrolls
 h - 3 scrolls of teleportation
 j - a scroll of magic mapping {unknown}
 l - 4 scrolls of remove curse {unknown}
 n - a scroll of recharging {unknown}
 q - 2 scrolls of random uselessness {unknown}
 t - 2 scrolls of enchant armour {unknown}
 y - 5 scrolls of identify
 E - a scroll of amnesia {unknown}
Potions
 d - a potion of might
 i - a potion of lignification
 r - 4 potions of curing
 z - a potion of mutation {unknown}
 A - a potion of magic {unknown}
 B - a potion of cancellation {unknown}
 C - a potion of flight {unknown}
 L - a potion of resistance {unknown}
 M - a potion of heal wounds
Books
 k - a book of Cantrips

   Spells                             Type                      Level
   a - Confusing Touch                Hexes                        1
   b - Animate Skeleton               Necromancy                   1
   c - Summon Small Mammal            Summoning                    1
   d - Apportation                    Translocation                1
 G - a book of Maledictions

   Spells                             Type                      Level
   a - Corona                         Hexes                        1
   b - Ensorcelled Hibernation        Hexes/Ice                    2
   c - Confuse                        Hexes                        3
   d - Tukima's Dance                 Hexes                        3
   e - Dazzling Spray                 Conjuration/Hexes            3
Comestibles
 f - 3 bread rations
 g - 3 meat rations


   Skills:
 + Level 7.5 Fighting
 + Level 11.2 Axes
 + Level 8.2 Armour
 + Level 4.3 Dodging
 + Level 1.4 Stealth
 + Level 8.7 Shields
 + Level 0.1 Evocations


You had 9 spell levels left.
You didn't know any spells.

Dungeon Overview and Level Annotations

Branches:
Dungeon (8/15)             Temple (0/1) D:4
   Lair: D:8-11

Altars:
Ashenzari
Elyvilon
Okawaru
Ru
Xom

Shops:
D:5 :([   D:8 !

Annotations:
D:8 Britaniac's ghost, novice DsFE


Innate Abilities, Weirdness & Mutations

You reflexively headbutt those who attack you in melee.
You have a pair of horns on your head.


Message History

The flayed ghost is lightly damaged.
You block the flayed ghost's attack.
You closely miss the flayed ghost.
The flayed ghost is lightly damaged.
The flayed ghost hits you!!
* * * LOW HITPOINT WARNING * * *
You closely miss the flayed ghost. You headbutt the flayed ghost!
The flayed ghost is moderately damaged.
The flayed ghost hits you.
* * * LOW HITPOINT WARNING * * *
You miss the flayed ghost. Your headbutt misses the flayed ghost.
The flayed ghost is moderately damaged.
You block the flayed ghost's attack.
You closely miss the flayed ghost.
The flayed ghost is moderately damaged.
You block the flayed ghost's attack.
You barely miss the flayed ghost.
The flayed ghost is moderately damaged.
The flayed ghost hits you!
You die...

#.#.#.# #. #.#.#.# ##
###### #.#'#.#
###....###.....#
..'............#
###....###.....#
.......# #.....###
.......###.......#####
...............W@((รท>#
......######......##[#
..................##.#
###
.....#######......##.#
#<#
.....######....)..##.#
#.#
#'#'#.......#.....##.#
#.#
#'#.#.#####.#.....##.#
#.#
....#+#####.#........#
#.#
............#........#
#.#


You could see a flayed ghost.

Vanquished Creatures
  A hippogriff (D:7)
  Menkaure (D:4)
  A water moccasin (D:6)
  Duvessa (D:6)
  3 sky beasts
  3 orc warriors
  2 phantoms
  2 ice beasts
  An ogre (D:4)
  A necrophage (D:7)
  2 centaurs
  Blork the orc (D:4)
  4 bullfrogs
  A water moccasin skeleton (D:6)
  3 scorpions
  Dowan (D:6)
  16 killer bees
  3 howler monkeys
  The ghost of Amon001 the Skirmisher, a weakling GrFi (D:3)
  4 jellies
  A quasit (D:5)
  2 hounds
  5 orc priests
  8 orc wizards
  3 centaur skeletons
  A gnoll shaman (D:5)
  Ijyb (D:4)
  2 iguanas (D:6)
  A worker ant (D:7)
  A howler monkey zombie (D:5)
  Robin (D:4)
  12 gnolls
  8 adders
  10 oozes (D:2)
  An adder zombie (D:8)
  2 worms
  6 leopard geckos
  37 orcs
  5 bats
  3 giant cockroaches
  20 goblins
  5 hobgoblins
  3 jackals (D:4)
  15 kobolds
  4 quokkas
  2 ball pythons
  11 frilled lizards
  A jackal skeleton (D:3)
  A leopard gecko skeleton (D:4)
  A leopard gecko zombie (D:5)
  2 quokka zombies
  8 rats
235 creatures vanquished.

Vanquished Creatures (others)
  9 fungi (D:2)
  6 toadstools (D:2)
15 creatures vanquished.

Grand Total: 250 creatures vanquished

Notes
Turn   | Place    | Note
-------+----------+-------------------------------------------
     0 | D:1      | equalderp2856 the Minotaur Fighter began the quest for the Orb.
     0 | D:1      | Reached XP level 1. HP: 19/19 MP: 0/0
   348 | D:1      | Reached XP level 2. HP: 27/27 MP: 1/1
   602 | D:2      | Reached XP level 3. HP: 33/33 MP: 2/2
   605 | D:2      | Reached skill level 3 in Axes
   621 | D:2      | Reached skill level 1 in Dodging
   894 | D:2      | Reached XP level 4. HP: 39/40 MP: 3/3
   919 | D:2      | Found a faded altar of an unknown god.
  1088 | D:2      | Reached skill level 4 in Axes
  1243 | D:2      | Reached XP level 5. HP: 26/46 MP: 4/4
  1580 | D:2      | Reached skill level 5 in Axes
  1816 | D:3      | Found a shimmering altar of Xom.
  1880 | D:3      | Found a sacrificial altar of Ru.
  1938 | D:3      | Noticed Amon001's ghost (weakling GrFi)
  1953 | D:3      | Killed Amon001's ghost
  1953 | D:3      | Reached XP level 6. HP: 30/53 MP: 5/5
  2163 | D:3      | Reached skill level 5 in Shields
  2554 | D:3      | HP: 2/53 [poisoned by an orc wizard]
  2934 | D:4      | Reached skill level 6 in Axes
  3186 | D:4      | Reached XP level 7. HP: 46/60 MP: 6/6
  3503 | D:4      | Found a white marble altar of Elyvilon.
  3537 | D:4      | Reached skill level 5 in Armour
  3548 | D:4      | Noticed Menkaure
  3553 | D:4      | Killed Menkaure
  3553 | D:4      | Reached skill level 5 in Fighting
  3983 | D:4      | Noticed Robin
  3989 | D:4      | Reached skill level 7 in Axes
  3998 | D:4      | Killed Robin
  4166 | D:4      | Noticed Ijyb
  4175 | D:4      | Killed Ijyb
  4321 | D:4      | Found a staircase to the Ecumenical Temple.
  4471 | D:4      | Noticed Blork the orc
  4491 | D:4      | Killed Blork the orc
  4863 | D:5      | Entered Level 5 of the Dungeon
  4873 | D:5      | Reached XP level 8. HP: 48/68 MP: 7/7
  5095 | D:5      | Reached skill level 8 in Axes
  5354 | D:5      | Found Muewn's Weapon Emporium.
  5354 | D:5      | Found Xunahen's Book Emporium.
  5492 | D:5      | Found Biblonk's Antique Armour Boutique.
  5668 | D:6      | Reached skill level 9 in Axes
  6103 | D:6      | Got a ripped robe
  6301 | D:6      | Noticed Duvessa
  6301 | D:6      | Noticed Dowan
  6315 | D:6      | Killed Dowan
  6328 | D:6      | Killed Duvessa
  6328 | D:6      | Reached XP level 9. HP: 18/75 MP: 8/8
  6381 | D:6      | Found an iron altar of Okawaru.
  7224 | D:6      | Reached skill level 10 in Axes
  7604 | D:7      | Found a shattered altar of Ashenzari.
  7618 | D:7      | Reached skill level 1 in Stealth
  8331 | D:8      | Found Befuffuck's Distillery.
  8334 | D:8      | Noticed Britaniac's ghost (novice DsFE)
  9943 | D:8      | Noticed a queen bee
 10434 | D:8      | Reached skill level 11 in Axes
 10970 | D:7      | Reached XP level 10. HP: 81/86 MP: 9/9
 11956 | D:7      | Noticed a flayed ghost
 11968 | D:7      | Slain by a flayed ghost

Skill      XL: |  1  2  3  4  5  6  7  8  9 |
---------------+----------------------------+-----
Fighting       | 4 5 6 7 |  7.5
Armour         | 4 5 6 8 |  8.2
Axes           | 3 4 5 6 7 9 11 | 11.2
Dodging        | 1 2 3 4 |  4.3
Shields        | 4 5 6 8 |  8.7
Stealth        | 1 |  1.4
Evocations     | |  0.1

Action                   |  1- 3 |  4- 6 |  7- 9 | 10-12 || total
-------------------------+-------+-------+-------+-------++-------
Melee: War axe           |    61 |   186 |   464 |    54 ||   765
       Headbutt          |     3 |    40 |    87 |     7 ||   137
Evoke: Wand              |       |       |     8 |     3 ||    11
  Use: Scroll            |       |     2 |     1 |       ||     3
       Potion            |       |     1 |     3 |       ||     4
  Eat: Chunk             |       |     4 |    10 |     2 ||    16
       Fruit             |       |     1 |     3 |       ||     4
       Meat ration       |       |     1 |     1 |       ||     2
       Bread ration      |       |       |     1 |       ||     1
       Royal jelly       |       |       |     1 |       ||     1
Armor: Scale mail        |    26 |    67 |   148 |    17 ||   258
Dodge: Dodged            |    24 |    58 |   182 |    29 ||   293
Block: Shield            |    39 |    93 |   280 |    54 ||   466
